[Event "Late-Titled-Tuesday-Blitz-March-19-2024"]
[Site "Chess.com"]
[Date "2024.03.19"]
[Round "2"]
[White "Angry_Twin"]
[Black "profedechess93"]
[Result "1-0"]
[WhiteElo "2947"]
[BlackElo "2642"]
[TimeControl "180+1"]
[EndTime "14:19:12 PDT"]
[Termination "Angry_Twin won by resignation"]

1. e4 e6 2. d4 d5 3. Nd2 Be7 4. Ngf3 Nf6 5. e5 Nfd7 6. Bd3 c5 7. c3 Nc6 8. O-O a5 9. Re1 cxd4 10. cxd4 g5 11. Nf1 g4 12. N3d2 h5 13. Nb3 a4 14.
Nc5 Nxc5 15. dxc5 Bxc5 16. Bf4 Qb6 17. Re2 Bd4 18. Rb1 Bd7 19. a3 h4 20. Rc1 Rg8 21. Qe1 Na5 22. Qd1 Nb3 23. Rcc2 Bc5 24.
Rc3 Nd4 25. Rd2 Bc6 26. Rxc5 Qxc5 27. Be3 Nf3+ 28. Qxf3 gxf3 29. Bxc5 Rxg2+ 30. Kh1 d4 31. Bxd4 O-O-O 32. Ne3 Rxd4 33. Nxg2 fxg2+ 34. Kg1 h3 35. f3 Bxf3 36. Kf2 Bc6 37. Rd1 Rf4+ 38. Ke3 Rf3+ 39. Ke2 Rxd3 40. Kxd3 Bb5+ 41. Ke3 Bf1 42. Kf2 Kc7 43. Rd6 Bc4 44. Rd4 b5 45. Rh4 Bf1 46. Kg1 Kc6 47. Rxh3 Kd5 48. Rf3 Kxe5 49. Rxf7 Bd3 50.
Kxg2 Be4+ 51. Kf2 Kd5 52. h4 e5 53. h5 Kc4 54. h6 Kb3 55. h7 Bxh7 56. Rxh7 Kxb2 57. Rb7 Kxa3 58. Rxb5 e4 59. Ke3 Ka2 60. Kxe4 a3 61. Kd3 Ka1 62. Kc3 a2 63. Rh5 1-0

[Event "Late-Titled-Tuesday-Blitz-March-19-2024"]
[Site "Chess.com"]
[Date "2024.03.19"]
[Round "2"]
[White "Suleyman_Chess06"]
[Black "DenLaz"]
[Result "0-1"]
[WhiteElo "2681"]
[BlackElo "3113"]
[TimeControl "180+1"]
[EndTime "14:19:13 PDT"]
[Termination "DenLaz won on time"]

1. Nf3 f5 2. g3 Nf6 3. c4 g6 4. Bg2 Bg7 5. O-O O-O 6. Nc3 d6 7. d4 c6 8. d5 e5 9. dxe6 Bxe6 10. Qd3 Na6 11. b3 Nc5 12. Qc2 a5 13. Bb2 Qe7 14. Rad1 Rae8 15. Ba3 Kh8 16. e3 Bg8 17. Na4 Nfe4 18.
Nxc5 Nxc5 19. Nd4 Ne4 20. Nf3 Rd8 21. Bb2 d5 22. Bxg7+ Qxg7 23. cxd5 Bxd5 24. Nd2 Nc3 25. Rde1 Bxg2 26. Kxg2 Nd5 27. h4 Qc3 28. Qxc3+ Nxc3 29. Nf3 Rd5 30. h5 Nxa2 31. hxg6 hxg6 32. Rh1+ Kg7 33.
Ng5 Rh8 34. Rxh8 Kxh8 35. Rh1+ Kg8 36. Rh6 Rd6 37. e4 fxe4 38. Nxe4 Re6 39. Nc5 Re5 40. Nxb7 Kg7 41. Rh4 Nc1 42. Rc4 Nxb3 43. Rxc6 Re7 44. Rb6 a4 45. Rb4 Rc7 46. g4 Nc1 47. Na5 a3 48. Ra4 a2 49. Nb3 Nxb3 50. Rxa2 Nd4 51. Ra4 Ne6 52. Re4 Kf6 53. f4 Nc5 54. Rd4 Ne6 55. Re4 Rc2+ 56. Kg3 Rc3+ 57. Kg2 Nc5 58. Rd4 Nd3 59. Rd6+ Kf7 60. Rd4 Nc5 61. Rd5 Ne6 0-1

[Event "Late-Titled-Tuesday-Blitz-March-19-2024"]
[Site "Chess.com"]
[Date "2024.03.19"]
[Round "2"]
[White "Sina_Movahed"]
[Black "Meri-Arabidze"]
[Result "1-0"]
[WhiteElo "3106"]
[BlackElo "2678"]
[TimeControl "180+1"]
[EndTime "14:19:13 PDT"]
[Termination "Sina_Movahed won on time"]

1. e4 c5 2. Nf3 e6 3. d4 cxd4 4.
Nxd4 Nc6 5. Nc3 a6 6. Nxc6 bxc6 7.
e5 Qc7 8. Qe2 a5 9. Bf4 Ba6 10.
Qf3 Bxf1 11. Rxf1 Bb4 12. O-O-O Bxc3 13. Qxc3 Ne7 14. Bg3 O-O 15. f4 a4 16. a3 Nd5 17. Qd2 Qb6 18. Rf3 Rfb8 19. c4 Qc5 20. Qd4 Qxd4 21. Rxd4 Nb6 22. Rc3 Kf8 23. Bf2 Ke8 24.
Rd2 Rb7 25. Bc5 f5 26. h3 g6 27. g4 Kf7 28. b4 Rd8 29. Kc2 Nc8 30. Rcd3 Ne7 31.
Kc3 fxg4 32. hxg4 h5 33. Rh3 Rh8 34. Rdh2 Rbb8 35. gxh5 gxh5 36. Rxh5 Rxh5 37. Rxh5 Ng6 38. Rh7+ Kg8 39. Rxd7 Nxf4 40. Bd6 Rc8 41. Rc7 Rxc7 42. Bxc7 Kf7 43. Kd4 Ke7 44. Bd6+ Kd7 45. Kc5 Nd3+ 46. Kd4 Nf4 47. b5 cxb5 48. cxb5 Nd5 49. Kc5 Nc3 50.
Kb4 Nd5+ 51. Kxa4 Kc8 52. Kb3 Kb7 53. a4 Kb6 54. Kc4 Ne3+ 55. Kb3 Nd5 56. Bf8 Ne3 57. Bh6 Nd5 58. Bc1 Ne7 59. Be3+ Ka5 60. Bd2+ Kb6 61. Kc4 Ng6 62. a5+ Kb7 63. a6+ Kc7 64. Ba5+ Kb8 65. Kd4 Ne7 66. Kc5 Nf5 67. b6 Ne7 68. Kd6 Nd5 69.
Kxe6 Nf4+ 70. Kf7 1-0

[Event "Late-Titled-Tuesday-Blitz-March-19-2024"]
[Site "Chess.com"]
[Date "2024.03.19"]
[Round "2"]
[White "dcremisi"]
[Black "VincentKeymer"]
[Result "1-0"]
[WhiteElo "2671"]
[BlackElo "3042"]
[TimeControl "180+1"]
[EndTime "14:19:13 PDT"]
[Termination "dcremisi won by resignation"]

1. d4 Nf6 2. c4 e6 3. Nf3 b6 4. g3 Ba6 5. Qc2 Bb7 6. Bg2 Bb4+ 7. Bd2 a5 8. O-O O-O 9. a3 Bxd2 10. Qxd2 d6 11. Nc3 Ne4 12. Nxe4 Bxe4 13. Ne1 Bxg2 14. Nxg2 a4 15. Nf4 Nc6 16. e3 Qd7 17. Rad1 Rfe8 18. Qc3 h6 19. d5 Na5 20. dxe6 fxe6 21. c5 bxc5 22. Qxc5 Nb3 23. Qc2 Rac8 24. Ne2 c5 25.
Nc1 c4 26. Nxb3 cxb3 27. Qd3 Rc2 28. Rd2 Rec8 29. Rfd1 d5 30. e4 d4 31. Rxc2 bxc2 32.
Rc1 Qc7 33. Qxd4 Qc6 34. Qd3 Qc5 35. Kg2 Kh8 36. h4 e5 37. Qd7 Qc4 38. Qd5 Qc7 39.
Qd3 Qc6 40. Qd5 Qc7 41. Qd3 Qc5 42. Qd5 Qd4 43. Qxd4 exd4 44. Kf3 d3 45. Ke3 Rd8 46. Kd2 h5 47. f4 Kg8 48. f5 Kf7 49. e5 Rd5 50.
Re1 Ke7 51. Re3 Rc5 52. Re1 Kf7 53. Kc1 Ke8 54. Kd2 Ke7 55. Kc1 Rb5 56. Re3 Rd5 57.
Kd2 Kd7 58. Re1 Ke8 59. Re3 Kf7 60. Re1 g6 61. e6+ Ke7 62. fxg6 Rc5 63. g7 Rc8 64. Kxd3 Rd8+ 65. Kxc2 1-0

[Event "Late-Titled-Tuesday-Blitz-March-19-2024"]
[Site "Chess.com"]
[Date "2024.03.19"]
[Round "2"]
[White "Sargsyan_Shant"]
[Black "SoltaniciR"]
[Result "1-0"]
[WhiteElo "2932"]
[BlackElo "2631"]
[TimeControl "180+1"]
[EndTime "14:19:15 PDT"]
[Termination "Sargsyan_Shant won on time"]

1. c4 c5 2. g3 Nc6 3. Bg2 g6 4. Nc3 Bg7 5. d3 d6 6. Qd2 e5 7. h4 h6 8. b3 Nge7 9. Bb2 Be6 10. Nd5 Rb8 11. e3 Qd7 12. Ne2 O-O 13. Nec3 f5 14. a3 a6 15. Nb6 Qd8 16. Ncd5 Nc8 17. Nxc8 Qxc8 18. b4 Qd7 19. O-O Ne7 20. Nc3 cxb4 21. axb4 d5 22. c5 g5 23. hxg5 hxg5 24.
Ne2 Ng6 25. f4 gxf4 26. gxf4 d4 27. exd4 exd4 28. Kf2 Nh4 29. Rg1 Kf7 30. Bh1 Bf6 31.
c6 bxc6 32. Rxa6 Bd5 33. Bxd5+ Qxd5 34. Ra7+ Ke8 35. Rg3 Rg8 36. Rxg8+ Qxg8 37. Ng3 Qd5 38. Qe2+ Kf8 39. Kf1 Re8 40. Qf2 Qb3 41. Ra1 Qd5 42. Re1 Nf3 43. Rxe8+ Kxe8 44. Nxf5 Qxf5 45.
Qxf3 Kf7 46. Ke2 Qb5 47. Bc1 Qxb4 48. Qxc6 Qe7+ 49. Qe4 Qd7 50. f5 Qc7 51. Bf4 Qc2+ 52. Kf3 Qd1+ 53. Qe2 Qxe2+ 54. Kxe2 Ke7 55. Kf3 Bg7 56.
Ke4 Bf6 57. Be5 Kf7 58. Bxd4 1-0

[Event "Late-Titled-Tuesday-Blitz-March-19-2024"]
[Site "Chess.com"]
[Date "2024.03.19"]
[Round "2"]
[White "Eltaj_Safarli"]
[Black "Seochesspie"]
[Result "1/2-1/2"]
[WhiteElo "2614"]
[BlackElo "2860"]
[TimeControl "180+1"]
[EndTime "14:19:15 PDT"]
[Termination "Game drawn by repetition"]

1. e4 c5 2. Nf3 d6 3. Nc3 Nf6 4. e5 dxe5 5. Nxe5 a6 6. g3 Qd6 7. Nf3 Nc6 8. Bg2 g6 9. O-O Bg7 10. h3 O-O 11. d3 e5 12. Bg5 Rb8 13. Re1 b6 14. Nd2 Bd7 15. Nce4 Nxe4 16. dxe4 h6 17.
Be3 Be6 18. c3 Rfd8 19. Qa4 Ra8 20. Qc2 Na5 21. Rad1 Qc7 22. b3 b5 23. h4 h5 24.
Nf1 c4 25. b4 Nb7 26. Bg5 Rxd1 27. Rxd1 f6 28. Bc1 Rd8 29. Ne3 Rxd1+ 30. Qxd1 Qd6 31. Qe1 Qd3 32. Nd5 Bxd5 33. exd5 Nd6 34. Be3 f5 35. Bc5 Ne4 36. Bxe4 fxe4 37. d6 Bf8 38. d7 Qxd7 39. Qxe4 Bxc5 40. Qxg6+ Qg7 41. Qxg7+ Kxg7 42. bxc5 b4 43. c6 bxc3 44. c7 c2 45. c8=Q c1=Q+ 46. Kg2 c3 47. Qb7+ Kg8 48. Qd5+ Kf8 49. Qd6+ Kf7 50. Qd7+ Kf8 51. Qc8+ Ke7 52. Qb7+ Ke6 53. Qxa6+ Kf5 54. Qc8+ Kf6 55. Qh8+ Ke6 56. Qe8+ Kf6 57. Qd8+ Ke6 58. Qc8+ Kf6 59. Qc6+ Kf7 60. a4 c2 61.
Qd5+ Kf6 62. Qd6+ Kf7 63. Qd7+ Kf6 64. Qc6+ Kf7 65. Qc4+ Kf6 66. Qc6+ Kf7 1/2-1/2

[Event "Late-Titled-Tuesday-Blitz-March-19-2024"]
[Site "Chess.com"]
[Date "2024.03.19"]
[Round "2"]
[White "HamedWafa4"]
[Black "emeli_chess"]
[Result "1-0"]
[WhiteElo "2822"]
[BlackElo "2418"]
[TimeControl "180+1"]
[EndTime "14:19:15 PDT"]
[Termination "HamedWafa4 won by resignation"]

1. Nf3 d5 2. g3 Bg4 3. Bg2 Nd7 4. O-O c6 5. h3 Bxf3 6. Bxf3 Ngf6 7. b3 e5 8. Bb2 Bd6 9. Bg2 O-O 10. c4 Qe7 11. e3 a5 12. Nc3 e4 13. cxd5 cxd5 14. d3 Rfe8 15. Nb5 Be5 16. Ba3 Qe6 17. d4 Bb8 18. Rc1 Ra6 19. Qe2 Rc6 20. Rxc6 bxc6 21. Nc3 Bd6 22. Bxd6 Qxd6 23. Rc1 Ra8 24. Na4 h6 25. Qc2 Rc8 26. Bf1 Qb4 27. Ba6 Rc7 28.
Be2 Rc8 29. Nc5 Nxc5 30. Qxc5 Nd7 31. Qxb4 axb4 32. Bg4 Rc7 33. Bxd7 Rxd7 34. Rxc6 Ra7 35. Rb6 Rxa2 36. Rxb4 Kf8 37. Rb5 Rb2 38. Rxd5 Rxb3 39. Re5 f6 40. Rxe4 Kf7 41. d5 Rb6 42. Rd4 Rd6 43. e4 g5 44. f4 gxf4 45. gxf4 Ra6 46.
Rd2 Ke7 47. e5 fxe5 48. fxe5 Ra3 49. Kg2 Re3 50. e6 Kd6 51. Kf2 Re5 52. Re2 Rf5+ 53. Kg3 Ke7 54. d6+ Ke8 55. d7+ Ke7 56. Rd2 Rf8 57. Kg4 Rd8 58. Re2 Rg8+ 59. Kh5 Rg5+ 60.
Kxh6 Rg3 61. Rd2 Rg8 62. d8=Q+ Rxd8 63. Rxd8 Kxd8 64. Kg7 Ke7 65. h4 Kxe6 66. h5 1-0

[Event "Late-Titled-Tuesday-Blitz-March-19-2024"]
[Site "Chess.com"]
[Date "2024.03.19"]
[Round "2"]
[White "Andrei_Skvortsov"]
[Black "NoSpaghettiForYou"]
[Result "0-1"]
[WhiteElo "2711"]
[BlackElo "2437"]
[TimeControl "180+1"]
[EndTime "14:19:16 PDT"]
[Termination "NoSpaghettiForYou won by resignation"]

1. d4 Nf6 2. c4 e6 3. Nf3 d5 4. Nc3 dxc4 5. e4 b5 6. e5 Nd5 7. Nxb5 Nb6 8. a4 Qd7 9. Be2 Nc6 10. O-O Na5 11. Bg5 Ba6 12. Nc3 h6 13. Bh4 Be7 14. d5 Bxh4 15. dxe6 Qxd1 16. Raxd1 Be7 17. exf7+ Kxf7 18.
Nd4 Rhd8 19. Bf3 Bb7 20. Bg4 Nc6 21. Nf3 Bc8 22. e6+ Bxe6 23. Bxe6+ Kxe6 24. Nb5 Bd6 25. Rfe1+ Kf7 26. Rc1 a6 27. Nc3 Re8 28. Red1 Rad8 29.
g3 Bb4 30. Na2 Bc5 31. Nc3 Rxd1+ 32. Rxd1 Rd8 33. Rc1 Bd4 34. Nxd4 Nxd4 35. Kf1 Nb3 36. Re1 Rd2 37. Re5 Rxb2 38. a5 Nd7 39. Re4 Nxa5 40.
Rd4 Nf6 41. Ke1 Rc2 42. Na4 Ra2 43. Nc5 Nb3 44. Rxc4 Nxc5 45. Rxc5 Ra1+ 46. Ke2 Ra2+ 47. Ke3 Ke6 48. Kd4 Kd6 49. Rf5 Ra4+ 50. Kc3 Nd5+ 51. Kb3 Rb4+ 52. Kc2 a5 53. Rf7 a4 54. Rxg7 a3 55.
Rg6+ Kc5 56. Ra6 Rc4+ 57. Kb1 Rc3 58. f4 Nb4 59. Ra4 a2+ 60. Kb2 Rc2+ 61. Kb3 Rc1 62.
Ra5+ Kb6 0-1

[Event "Late-Titled-Tuesday-Blitz-March-19-2024"]
[Site "Chess.com"]
[Date "2024.03.19"]
[Round "2"]
[White "MikaelyanArman"]
[Black "dolynachess"]
[Result "1-0"]
[WhiteElo "2846"]
[BlackElo "2516"]
[TimeControl "180+1"]
[EndTime "14:19:17 PDT"]
[Termination "MikaelyanArman won on time"]

1. Nf3 Nf6 2. c4 g6 3. d4 c5 4. d5 b5 5. cxb5 a6 6. bxa6 Bg7 7. a7 Rxa7 8. Nc3 O-O 9. e4 Qa5 10. Bd2 Ra8 11. Bd3 Ba6 12. Nb5 Qb6 13. a4 d6 14. O-O Nbd7 15. Bc3 Rfb8 16. Re1 Ne8 17. Bxg7 Kxg7 18. Qd2 Nc7 19. Nxc7 Qxc7 20. h4 Rb4 21. h5 Bxd3 22. h6+ Kg8 23. Qxd3 Raxa4 24. Rxa4 Rxa4 25.
Qc3 f6 26. Rc1 Rxe4 27. Ng5 Re5 28. Ne6 Qb7 29. Nf4 g5 30. Nh5 Qxd5 31. Ra1 Kf7 32. Qh3 Nf8 33. Ng7 Qb7 34. Qd3 Qxb2 35. Rb1 Qd4 36.
Qb3+ c4 37. Qb8 Kg8 38. Qe8 Qd3 39. Rf1 Qg6 40. Qc6 Qxh6 41. Ne8 Qg6 42. Qxc4+ d5 43. Qc8 h5 44. Nc7 h4 45. Ra1 Qf5 46. Qe8 Re2 47. Rf1 d4 48. Qd8 d3 49. Nd5 Qe5 50. Ne3 d2 51. Ng4 Qe4 52. Nh6+ Kg7 53. Qe8 Kxh6 54. Qxf8+ Kg6 55. Qg8+ Kf5 56. Qh7+ Ke5 57. Qxe7+ Kf5 58. Qh7+ Ke5 59. Qe7+ Kf5 60. Qh7+ Kf4 61. Qc7+ Kg4 62.
Qd7+ f5 63. f3+ Kg3 64. fxe4 1-0

[Event "Late-Titled-Tuesday-Blitz-March-19-2024"]
[Site "Chess.com"]
[Date "2024.03.19"]
[Round "2"]
[White "Taran2004"]
[Black "CuteSheepCloud"]
[Result "0-1"]
[WhiteElo "2398"]
[BlackElo "2649"]
[TimeControl "180+1"]
[EndTime "14:19:18 PDT"]
[Termination "CuteSheepCloud won by checkmate"]

1. e4 e5 2. Nf3 Nc6 3. d4 exd4 4. Nxd4 Nf6 5. Nxc6 bxc6 6. e5 Qe7 7. Qe2 Nd5 8. h4 Qe6 9. c4 Nb6 10. Nc3 g6 11.
Rh3 Bg7 12. Re3 O-O 13. b3 d6 14. Bb2 dxe5 15. O-O-O Bh6 16. g3 Bxe3+ 17. Qxe3 Ba6 18. Bg2 Rad8 19. Re1 Bxc4 20. bxc4 Nxc4 21. Qh6 Nxb2 22. Kxb2 Rb8+ 23. Kc2 Rfd8 24. Qe3 Qc4 25. Bf1 Qb4 26. Rb1 Qa3 27. Bc4 Rxb1 28. Nxb1 Qb4 29. Bb3 a5 30. Nc3 c5 31. Qe4 Qd4 32. Qxd4 cxd4 33. Ne4 Kg7 34. Ng5 Rd7 35. Kd3 h6 36. Nf3 f6 37. g4 Re7 38. Ke4 h5 39. gxh5 f5+ 40. Kd5 gxh5 41. Nxe5 c5 42. Nd3 Kf6 43. Kxc5 Re4 44. f4 Re3 45. Kxd4 Rh3 46. Ne5 Rxh4 47. Ke3 Rh3+ 48. Nf3 Rh1 49. Bc2 h4 50. Nd4 h3 51. Bxf5 h2 52.
Be4 Re1+ 53. Ne2 Ke7 54. Kd2 h1=Q 55. Bxh1 Rxh1 56. Kd3 Kd6 57. Kc4 Kc6 58. f5 Rh4+ 59. Nd4+ Kd6 60. Kc3 Kd5 61. Nc2 Kc5 62. a3 Rh3+ 63.
Kb2 a4 64. Nb4 Kc4 65. f6 Rh2+ 66. Kc1 Rf2 67. Nc2 Rxf6 68. Kb2 Rb6+ 69. Ka2 Kc3 70. Nb4 Rh6 71. Nd5+ Kc4 72. Ne3+ Kd3 73. Nd5 Rh2+ 74. Kb1 Kc4 75. Nb4 Kb3 76. Ka1 Rh1# 0-1

[Event "Late-Titled-Tuesday-Blitz-March-19-2024"]
[Site "Chess.com"]
[Date "2024.03.19"]
[Round "2"]
[White "Grischuk"]
[Black "Dr_Pepper18"]
[Result "1-0"]
[WhiteElo "3042"]
[BlackElo "2447"]
[TimeControl "180+1"]
[EndTime "14:19:19 PDT"]
[Termination "Grischuk won on time"]

1. d4 Nf6 2. c4 e6 3. Bg5 Bb4+ 4. Nd2 h6 5. Bh4 g5 6. Bg3 Ne4 7. Nf3 g4 8. a3 Ba5 9. b4 Nxg3 10. hxg3 gxf3 11.
Nxf3 c5 12. bxa5 Qxa5+ 13. Qd2 Qxd2+ 14. Kxd2 cxd4 15. Nxd4 Nc6 16. e3 b6 17. Nxc6 dxc6 18.
Rh4 c5 19. a4 Bb7 20. a5 Ke7 21. Kc3 Bc6 22. f3 h5 23. Be2 Rhg8 24. Rh3 Rg5 25.
e4 Rag8 26. axb6 axb6 27. Bf1 Rxg3 28. Rh4 R8g4 29. Rxh5 Rxe4 30. Ra7+ Kf6 31. Rh7 Re1 32. Raxf7+ Ke5 33. Rh1 Rg8 34. Kd2 Ra1 35. Ke3 Rga8 36. Rh5+ Kd6 37. Bd3 R8a3 38. Rf8 Rd1 39. Rd8+ Bd7 40.
Rhh8 Rdxd3+ 41. Kf4 Kc7 42. Ke5 Re3+ 43. Kf6 Rad3 44. Ra8 Bc6 45. Ra7+ Bb7 46. Rh7+ Rd7 47. Rxb7+ Kxb7 48. Rxd7+ Kc6 49. Rd2 b5 50. cxb5+ Kxb5 51. Rf2 c4 52. g4 c3 53. g5 Rd3 54. g6 Rd2 55. Rf1 c2 56. Rc1 Kc4 57. g7 Rf2 58.
g8=Q Rxf3+ 59. Kxe6 Kc3 60. Qg7+ 1-0

[Event "Late-Titled-Tuesday-Blitz-March-19-2024"]
[Site "Chess.com"]
[Date "2024.03.19"]
[Round "2"]
[White "Kavyev_Ruslan"]
[Black "protectiago"]
[Result "1-0"]
[WhiteElo "2467"]
[BlackElo "2066"]
[TimeControl "180+1"]
[EndTime "14:19:20 PDT"]
[Termination "Kavyev_Ruslan won by resignation"]

1. d4 Nf6 2. Nf3 g6 3. c4 Bg7 4. g3 O-O 5. Bg2 d5 6. O-O c6 7. Qb3 Qb6 8. c5 Qd8 9. Nc3 Nbd7 10. Bf4 Nh5 11. Bd2 e5 12. dxe5 Nxe5 13. Nxe5 Bxe5 14.
Rad1 Re8 15. e3 Bg7 16. Ne2 Qe7 17. Bc3 Qxc5 18. Bxg7 Nxg7 19. Rc1 Qe7 20. Qc3 Bg4 21. Nd4 Ne6 22. b4 Nxd4 23. Qxd4 Qe5 24.
Qxg4 f5 25. Qf4 Qb2 26. Qc7 Rab8 27. Qa5 a6 28. Rb1 Qc2 29. Qa3 Rbd8 30. Qb2 Qd3 31. Rfd1 Qb5 32. Qb3 Qb6 33. a4 Kh8 34. b5 axb5 35.
axb5 h6 36. bxc6 Qxb3 37. Rxb3 bxc6 38. Rc3 Rd6 39. Rdc1 Ree6 40. h4 Kg7 41. Bf3 Kf6 42.
Kg2 Ke5 43. Rc5 Kf6 44. Ra1 Ke5 45. Ra6 Kf6 46. Rc3 Ke5 47. Ra7 Kf6 48. Rh7 h5 49.
Rb7 Ke5 50. Ra3 Kf6 51. Raa7 Ke5 52. Rc7 d4 53. exd4+ Kxd4 54. Ra4+ Kc5 55. Rca7 Kb6 56. R7a6+ Kb5 57. R6a5+ Kb6 58. Ra8 c5 59. Rc4 Kb5 60. Rc1 c4 61. Rb8+ Rb6 62. Rxb6+ Rxb6 63. Be2 Rc6 64. Kf3 Kb4 65. Rxc4+ Rxc4 66. Bxc4 Kxc4 67. Kf4 Kd3 68. Kg5 Ke2 69. Kxg6 Kxf2 70. Kxf5 Kxg3 71. Kg5 Kh3 72. Kxh5 Kg3 73. Kg5 1-0

[Event "Late-Titled-Tuesday-Blitz-March-19-2024"]
[Site "Chess.com"]
[Date "2024.03.19"]
[Round "2"]
[White "Stanbad1"]
[Black "mbojan"]
[Result "0-1"]
[WhiteElo "2576"]
[BlackElo "2793"]
[TimeControl "180+1"]
[EndTime "14:19:21 PDT"]
[Termination "mbojan won by resignation"]

1. d4 Nf6 2. Nc3 d5 3. Bf4 c5 4. e4 Nxe4 5. Nxe4 dxe4 6. dxc5 Qa5+ 7. c3 Qxc5 8. Qa4+ Nc6 9. Qxe4 g6 10. Nf3 Bg7 11. Rd1 O-O 12. Be3 Qf5 13. Bd3 Rd8 14. Qxf5 Bxf5 15. Bxf5 gxf5 16. Ke2 e6 17. Rxd8+ Rxd8 18. Rd1 Rxd1 19. Kxd1 Kf8 20. Kc2 Ke7 21. Kd3 a6 22. Bc5+ Ke8 23. Be3 Kd7 24. g3 h5 25.
Ne1 e5 26. Ng2 Ke6 27. f4 f6 28. Kc4 Bf8 29. a4 Na5+ 30. Kd3 b5 31. axb5 axb5 32.
b4 Nc4 33. Bf2 Bd6 34. Be3 Bc7 35. Bc1 Bb8 36. Be3 Bd6 37. Bc1 Nb6 38. Be3 Nd5 39. Bd2 Bc7 40. Ne3 Bb6 41. Nf1 Bg1 42.
fxe5 fxe5 43. Be1 e4+ 44. Ke2 Ke5 45. Bd2 h4 46. Be1 hxg3 47. hxg3 Bb6 48. Bd2 Nf6 49.
Bf4+ Ke6 50. Bd2 Nd5 51. Be1 Bc7 52. Ne3 Nxe3 53. Kxe3 Ke5 54. Bd2 Bb6+ 55. Ke2 Kd5 56. Bf4 Kc4 57. Kd2 Bd8 58. Be5 Bg5+ 59. Ke2 Bc1 60.
Kd1 Be3 61. Ke2 Bg1 62. Bf6 Bb6 63. Be5 Kd5 64. Bf4 Bd8 65. Kd2 Bf6 66. Kc2 Kc4 67.
Bd2 Be5 68. Be1 e3 69. Kd1 Kd3 0-1

[Event "Late-Titled-Tuesday-Blitz-March-19-2024"]
[Site "Chess.com"]
[Date "2024.03.19"]
[Round "2"]
[White "Yaacovn"]
[Black "Malev212"]
[Result "0-1"]
[WhiteElo "2882"]
[BlackElo "2637"]
[TimeControl "180+1"]
[EndTime "14:19:23 PDT"]
[Termination "Malev212 won by checkmate"]

1. d4 g6 2. Nf3 Bg7 3. e3 d6 4. Bc4 Nf6 5. O-O O-O 6. b3 Nc6 7. Bb2 Bg4 8. Be2 e5 9. dxe5 Nd7 10.
c4 dxe5 11. h3 e4 12. Nd4 Bxe2 13. Qxe2 Nce5 14. Nd2 c5 15. Nb5 f5 16. Rad1 a6 17. Nc3 Nd3 18. Ba1 b5 19. Ndxe4 fxe4 20. Nxe4 N3e5 21.
cxb5 Qe7 22. bxa6 c4 23. Nd6 Nf3+ 24. gxf3 Bxa1 25. Qxc4+ Kh8 26. Rxa1 Qxd6 27. Rad1 Qe7 28. Qc7 Qg5+ 29. Kh2 Ne5 30. f4 Nf3+ 31. Kh1 Qh5 32.
Qd7 Rad8 33. Qg4 Qxg4 34. hxg4 Nd2 35. Rfe1 Ne4 36. Kg2 Ra8 37. Rd4 Nc3 38. a4 Rxa6 39. Rc1 Ne2 40. Rcd1 Nxd4 41. Rxd4 Rb8 42. Rd3 Rab6 43.
a5 Rxb3 44. Rd7 Ra3 45. Rd5 Ra8 46. g5 R3xa5 47. Rd7 R5a7 48. Rd6 Kg7 49. Kg3 Re8 50. Kf3 Ree7 51. Rd8 Ra2 52. Rd1 Rb7 53. Kg3 Rbb2 54. Rf1 h5 55. gxh6+ Kxh6 56. Kf3 Kg7 57. Kg3 Kf6 58. Kf3 Kf5 59. e4+ Kf6 60. Kg3 Rb3+ 61. Kg4 Ra4 62. f3 Ra2 63. e5+ Ke6 64. Rd1 Rg2+ 65.
Kh3 Rbb2 66. Rd6+ Kf7 67. Rf6+ Kg7 68. f5 g5 69. Rg6+ Kf7 70. e6+ Ke7 71. Rg7+ Kf6 72.
Rf7+ Ke5 73. e7 Rh2+ 74. Kg4 Rbg2# 0-1

[Event "Late-Titled-Tuesday-Blitz-March-19-2024"]
[Site "Chess.com"]
[Date "2024.03.19"]
[Round "2"]
[White "arenal72"]
[Black "Zohid6"]
[Result "0-1"]
[WhiteElo "2611"]
[BlackElo "2876"]
[TimeControl "180+1"]
[EndTime "14:19:23 PDT"]
[Termination "Zohid6 won by checkmate"]

1. Nf3 d5 2. g3 Nf6 3. Bg2 Bg4 4. O-O c6 5. h3 Bh5 6. d3 Nbd7 7. c4 e6 8. Nc3 Be7 9. Be3 O-O 10. Rc1 Re8 11. Qb3 b6 12. Nd4 Rc8 13. cxd5 exd5 14. Nf5 Bf8 15. d4 g6 16. Nh6+ Bxh6 17. Bxh6 Bxe2 18.
Nxe2 Rxe2 19. Rfe1 Rxe1+ 20. Rxe1 Nf8 21. h4 Ne6 22.
Qa4 Ng4 23. Be3 a5 24. Bh3 h5 25. f3 Nxe3 26. Rxe3 Qf6 27. Bxe6 fxe6 28. Qd1 c5 29. dxc5 bxc5 30. Qd2 a4 31. Kg2 Rb8 32. b3 axb3 33. axb3 c4 34. b4 Ra8 35. f4 Qa1 36. Re2 Kf7 37. Qe3 Re8 38. b5 Re7 39. b6 Qb1 40. Qe5 Qxb6 41. Qh8 Qb1 42. Qh7+ Ke8 43. Qg8+ Kd7 44.
Rf2 Qe4+ 45. Kh2 Kc7 46. Ra2 Qd4 47. Qa8 Qb6 48. Ra7+ Kd6 49. Rxe7 Kxe7 50. Qg8 Qb2+ 51. Kh3 Qf6 52. Qc8 Kf7 53. Qc7+ Qe7 54. Qc6 Kg7 55. Qc8 Qd6 56. Qe8 c3 57. Qc8 d4 58. Qb7+ Kh6 59.
Qc8 Kg7 60. Qb7+ Kf6 61. Qc8 Ke7 62. Qb7+ Kd8 63. Qa8+ Kc7 64. Qa7+ Kc6 65. Qa4+ Kd5 66. Qb5+ Qc5 67. Qd7+ Kc4 68. Qxe6+ Qd5 69. Qa6+ Kb3 70. Qb6+ Kc2 71. Qxg6+ d3 72. f5 Qh1# 0-1

[Event "Late-Titled-Tuesday-Blitz-March-19-2024"]
[Site "Chess.com"]
[Date "2024.03.19"]
[Round "2"]
[White "jaskol95"]
[Black "olga-belka"]
[Result "0-1"]
[WhiteElo "2507"]
[BlackElo "2320"]
[TimeControl "180+1"]
[EndTime "14:19:30 PDT"]
[Termination "olga-belka won by checkmate"]

1. d4 Nf6 2. c4 g6 3. g3 Bg7 4. Bg2 d5 5. cxd5 Nxd5 6. e4 Nb6 7.
Ne2 O-O 8. Nbc3 a5 9. h4 h5 10. O-O c6 11. b3 Na6 12. Be3 c5 13. dxc5 Nd7 14. c6 bxc6 15. Rc1 Ne5 16. Na4 Nb4 17. a3 Nbd3 18. Rc3 Ba6 19. Bd4 c5 20. Nxc5 Nxc5 21. Rxc5 Bxe2 22. Qxe2 Qxd4 23. Rd5 Qc3 24. f4 Ng4 25. Rf3 Qc1+ 26. Rd1 Qxa3 27. e5 Rfd8 28.
Rdf1 Qc5+ 29. Kh1 Rac8 30. f5 Qc2 31. Qa6 Rd2 32. Rg1 Rcd8 33. fxg6 Qxg6 34. Qxa5 Rc2 35.
Qxd8+ Kh7 36. Rf4 Bxe5 37. Be4 Nf2+ 38. Rxf2 Qxe4+ 39. Rfg2 Bxg3 40. Qxe7 Qxe7 41. Rxc2 Qxh4+ 42. Kg2 Qh2+ 43. Kf3 Qxc2 44. Kxg3 Qxb3+ 45. Kh4 Qc4+ 46. Kh3 Qd3+ 47. Kh2 Qe2+ 48. Kh3 Qe3+ 49. Rg3 Qxg3+ 50. Kxg3 Kg6 51. Kf4 f5 52. Kf3 Kg5 53. Kg3 h4+ 54.
Kh3 f4 55. Kg2 Kg4 56. Kh2 f3 57. Kh1 Kg3 58. Kg1 f2+ 59. Kf1 h3 60. Ke2 Kg2 61. Kd2 f1=Q 62. Ke3 Qf5 63. Kd2 Qe4 64. Kd1 Qe3 65.
Kc2 Qd4 66. Kc1 Qf2 67. Kd1 Kf3 68. Kc1 Ke3 69. Kb1 Kd3 70. Ka1 Kc3 71. Kb1 Qb2# 0-1

[Event "Late-Titled-Tuesday-Blitz-March-19-2024"]
[Site "Chess.com"]
[Date "2024.03.19"]
[Round "2"]
[White "AlexTruskavetsky"]
[Black "Njal28"]
[Result "0-1"]
[WhiteElo "2653"]
[BlackElo "3045"]
[TimeControl "180+1"]
[EndTime "14:19:31 PDT"]
[Termination "Njal28 won on time"]

1. d4 Nf6 2. c4 e6 3. Nc3 Bb4 4. e3 Bxc3+ 5. bxc3 c5 6. Bd3 d6 7. Ne2 Nc6 8. O-O e5 9. d5 Ne7 10. e4 Ng6 11. f3 O-O 12. Be3 h6 13. Qd2 Nh7 14.
Ng3 Bd7 15. Rab1 b6 16. Ne2 Qe7 17. g4 Nh4 18. Ng3 g5 19. Nf5 Nxf5 20. exf5 Kg7 21. Kg2 Rh8 22. Rh1 Rag8 23. h4 Kf8 24. hxg5 Nxg5 25. Rh5 e4 26. Bxg5 Rxg5 27. Rxg5 exf3+ 28. Kxf3 hxg5 29. Kg2 Qe5 30. Rh1 Rxh1 31. Kxh1 Qg3 32. Qxg5 Qxd3 33. Qh6+ Kg8 34. Qg5+ Kf8 35. Qh6+ Ke7 36.
Qg5+ f6 37. Qg7+ Kd8 38. Qxf6+ Kc7 39. Qg7 Qh3+ 40. Kg1 Qg3+ 41. Kf1 Qf3+ 42. Ke1 Qe4+ 43. Kd2 Qxc4 44. f6 Qxd5+ 45. Ke3 Qe5+ 46. Kf3 Kc6 47. g5 Qf5+ 48. Ke3 Qh3+ 49. Kf4 Qg4+ 50. Ke3 Bf5 51. f7 Qe4+ 52. Kf2 Qf4+ 53. Ke2 Bg4+ 54. Kd3 c4+ 55.
Kc2 Qf2+ 56. Kc1 Qe1+ 57. Kb2 Qd2+ 58. Ka3 Qc1+ 59. Kb4 Qb2+ 60. Kxc4 Be6+ 61. Kd3 Qb1+ 62.
Kd2 Qxa2+ 63. Ke3 Bxf7 64. g6 Qe6+ 65. Kd2 Qxg6 66. Qf8 Qg2+ 67. Ke3 Qg3+ 68. Kd2 Qf4+ 69. Ke2 Bh5+ 70. Kd3 Qxf8 0-1

[Event "Late-Titled-Tuesday-Blitz-March-19-2024"]
[Site "Chess.com"]
[Date "2024.03.19"]
[Round "2"]
[White "bitter-cikolata"]
[Black "AlexPapasimakopoulos"]
[Result "1/2-1/2"]
[WhiteElo "2514"]
[BlackElo "2752"]
[TimeControl "180+1"]
[EndTime "14:19:31 PDT"]
[Termination "Game drawn - insufficient material"]

1. e4 e6 2. d4 d5 3. Nd2 Nf6 4. e5 Nfd7 5. f4 c5 6. c3 Nc6 7. Ndf3 cxd4 8. cxd4 a5 9. g3 a4 10. Kf2 a3 11. Kg2 axb2 12. Bxb2 g6 13. Bd3 Nb4 14. Bb1 Nb6 15. a3 Nc6 16. Bd3 Nc4 17. Bxc4 dxc4 18. d5 Qxd5 19. Qxd5 exd5 20. e6 Rg8 21. exf7+ Kxf7 22.
Ng5+ Ke8 23. Nxh7 Bg7 24. Bxg7 Rxg7 25. Nf6+ Kf8 26. Nxd5 Rd7 27. Ne3 Rd2+ 28. Kf3 Nd4+ 29. Ke4 Bf5+ 30. Nxf5 gxf5+ 31. Kd5 Rd8+ 32. Kxc4 Rc8+ 33.
Kd5 Nb3+ 34. Ke6 Nxa1 35. Nf3 Re2+ 36. Ne5 Nb3 37. h4 Nd4+ 38. Kf6 Re3 39. h5 Rxg3 40. h6 Re8 41. Ng6+ Rxg6+ 42. Kxg6 Kg8 43. Rd1 Rd8 44. a4 Rd6+ 45. Kh5 Kh7 46. Rb1 Rd7 47. Kg5 Rf7 48. Rb6 Nf3+ 49. Kh5 Rc7 50. Rg6 Nd4 51.
a5 Re7 52. Kg5 Rf7 53. Kh5 Ne2 54. Kg5 Nxf4 55. Rg7+ Rxg7+ 56. hxg7 Nd5 57. Kxf5 Nb4 58. Ke6 Nc6 59. Kf7 Nd8+ 60. Ke8 Ne6 61. Kd7 Nc5+ 62. Kc7 Kxg7 63. Kb6 Nb3 64. Kxb7 Nxa5+ 1/2-1/2